 Dungeon Sprint DCSS version 0.19.1 (webtiles) character file.

6384 equalderp2856 the Eviscerator (level 10, -2/51 HPs)
             Began as a Felid Fighter on Nov 29, 2016.
             Was the Champion of Makhleb.
             Slain by an Executioner (3 damage)
             ... summoned by the player character
             ... in the Dungeon (Sprint IX: "|||||||||||||||||||||||||||||").
             The game lasted 00:08:25 (3487 turns).

equalderp2856 the Eviscerator (Felid Fighter)       Turns: 3487, Time: 00:08:25

Health: -2/51      AC:  2    Str: 13    XL:     10   Next: 65%
Magic:  0/12       EV: 32    Int: 12    God:    Makhleb [******]
Gold:   1923       SH:  0    Dex: 16    Spells: 0 memorised, 9 levels left
                                        Lives:  0   Deaths: 3

rFire  . . .     SeeInvis +       - Unarmed
rCold  . . .     Gourm    .     (armour unavailable)
rNeg   . . .     Faith    .     (shield unavailable)
rPois  .         Spirit   +     (helmet unavailable)
rElec  .         Reflect  .     (cloak unavailable)
rCorr  .         Harm     .     (gloves unavailable)
MR     +....     NoTele   +     (boots unavailable)
Stlth  ++++++....               y - amulet of guardian spirit
                                (no ring)
                                (no ring)

@: very slightly contaminated, quick
A: no armour, no weapons or thrown items, stealth, claws 1, fangs 3, see
invisible, carnivore 3, speed 1, shaggy fur 2, slow metabolism 1, sharp paws
a: Minor Destruction, Lesser Servant of Makhleb, Major Destruction, Greater
Servant of Makhleb, Renounce Religion


You were in the Dungeon.
You worshipped Makhleb.
Makhleb was exalted by your worship.
You were not hungry.

You visited 1 branch You collected 1923 gold pieces.

Inventory:

Jewellery
 m - a +2 ring of evasion
 n - a +3 ring of dexterity
 s - an uncursed amulet of rage
 v - an uncursed ring of protection from magic
 w - an uncursed ring of poison resistance
 x - an uncursed ring of flight
 y - an amulet of guardian spirit (around neck)
Wands
 l - a wand of acid (7/15)
 o - a wand of random effects (31/48)
 t - a wand of iceblast (5/15)
Scrolls
 h - 3 scrolls of blinking
 j - 6 scrolls of remove curse
 k - 2 scrolls of amnesia
 r - 7 scrolls of fog
 z - a scroll of fear
Potions
 a - 3 potions of might
 c - 5 potions of curing
 d - a potion of invisibility
 e - 3 potions of haste
 f - 4 potions of magic
 g - a potion of berserk rage
 i - a potion of heal wounds
 p - 5 potions of agility
 q - a potion of flight
 u - a potion of brilliance
Comestibles
 b - 12 meat rations


   Skills:
 + Level 10.4 Fighting
 + Level 16.3 Dodging
 + Level 14.3 Stealth
 + Level 23.4 Unarmed Combat
 + Level 1.7 Invocations


You had 9 spell levels left.
You didn't know any spells.

Dungeon Overview and Level Annotations

Branches:
Dungeon (1/1)

Altars:
Cheibriados
Dithmenos
Elyvilon
Fedhas
Gozag
Hepliaklqana
Kikubaaqudgha
Makhleb
Nemelex Xobeh
Okawaru
Qazlal
Ru
Sif Muna
Trog
Uskayaw
Vehumet
Xom
Yredelemnul
Zin
The Shining One
Beogh
Jiyva
Lugonu

Shops:
D (*:*


Innate Abilities, Weirdness & Mutations

You cannot wear armour.
You are incapable of wielding weapons or throwing items.
Your paws allow you to move quietly. (Stealth)
You have sharp claws.
You have razor-sharp teeth.
You have supernaturally acute eyesight. (SInv)
You are carnivorous and can eat meat at any time.
You cover ground quickly.
You are covered in thick fur. (AC +2)
You have a slow metabolism.
Your sharp claws are effective at attacking unaware monsters.


Message History

The Executioner seems to speed up.
The Executioner gestures.
The Executioner gestures.
You see here +1 ice dragon scales.
You see here +1 fire dragon scales.
The Executioner gestures.
You see here +0 storm dragon scales.
You see here a +1 glaive.
The Executioner gestures at you. You resist with some effort.
The Executioner gestures.
You see here a +0 executioner's axe.
The Executioner completely misses you. The Executioner hits you.
* * * LOW HITPOINT WARNING * * *
The Executioner completely misses you.
You see here a +1 glaive of protection.
The Executioner hits you!
* * * LOW HITPOINT WARNING * * *
The Executioner hits you.
You die...

▓[▓.▓'▓.▓.▓.▓_▓
▓[▓.▓.▓.▓.▓.▓_▓
▓[▓.▓)▓.▓.▓.▓_▓
▓[▓.▓.▓.▓.▓.▓_▓
▓.▓.▓.▓.▓.▓.▓_▓
▓)▓.▓)▓.▓.▓.▓_▓
▓)▓.▓.▓.▓'▓.▓_▓
▓1▓.▓)▓.▓.▓.▓_▓
▓@▓.▓)▓.▓?▓.▓_▓
▓)▓.▓)▓.▓.▓.▓_▓
▓)▓.▓)▓.▓.▓.▓_▓
▓)▓.▓.▓.▓.▓.▓'▓
▓)▓.▓)▓.▓.▓.▓.▓
▓.▓.▓.▓.▓.▓.▓.▓
▓.▓.▓)▓)▓.▓.▓)▓
▓.▓.▓.▓.▓.▓.▓)▓
▓.▓.▓)▓.▓.▓.▓.▓


You could see an Executioner.

Vanquished Creatures
  A dire elephant (D)
  2 ogre magi (D)
  4 hydras (D)
  A catoblepas (D)
  A death yak (D)
  Urug (D)
  An orc high priest (D)
  Sonja (D)
  4 orc knights (D)
  A hill giant (D)
  An ugly thing (D)
  A manticore (D)
  7 elephants (D)
  Maurice (D)
  A spiny frog (D)
  A rime drake (D)
  A komodo dragon (D)
  A blink frog (D)
  6 two-headed ogres (D)
  2 hippogriffs (D)
  A slime creature (D)
  A wyvern (D)
  A yak (D)
  Grum (D)
  A porcupine (D)
  4 water moccasins (D)
  7 orc warriors (D)
  6 ogres (D)
  3 centaurs (D)
  3 wolves (D)
  A crocodile (D)
  3 bullfrogs (D)
  A scorpion (D)
  A howler monkey (D)
  A hound (D)
  2 orc wizards (D)
  An orc priest (D)
  An iguana (D)
  2 shadow imps (D)
  An ooze (D)
  An adder skeleton (D)
  An adder zombie (D)
  11 orcs (D)
  A goblin (D)
  2 hobgoblins (D)
  A quokka (D)
  A kobold (D)
99 creatures vanquished.

Notes
Turn   | Place    | Note
-------+----------+-------------------------------------------
     0 | D        | equalderp2856 the Felid Fighter began the quest for the Orb.
     0 | D        | Reached XP level 1. HP: 10/10 MP: 2/2
     9 | D        | Reached skill level 5 in Unarmed Combat
     9 | D        | Reached XP level 2. HP: 14/14 MP: 3/3
    18 | D        | Noticed a centaur
    18 | D        | Noticed a centaur
    24 | D        | Reached skill level 5 in Dodging
    24 | D        | Reached skill level 6 in Unarmed Combat
    24 | D        | Reached XP level 3. HP: 10/18 MP: 4/4
    32 | D        | Killed a centaur
    32 | D        | Reached skill level 5 in Fighting
    32 | D        | Reached skill level 8 in Unarmed Combat
    32 | D        | Reached XP level 4. HP: 23/23 MP: 5/5
    38 | D        | Killed a centaur
    38 | D        | Reached skill level 10 in Unarmed Combat
    38 | D        | Reached XP level 5. HP: 18/27 MP: 6/6
   132 | D        | Found a roughly hewn altar of Beogh.
   132 | D        | Found a snail-covered altar of Cheibriados.
   132 | D        | Found a shadowy altar of Dithmenos.
   132 | D        | Found a white marble altar of Elyvilon.
   132 | D        | Found a blossoming altar of Fedhas.
   132 | D        | Found an opulent altar of Gozag.
   133 | D        | Found a hazy altar of Hepliaklqana.
   134 | D        | Found a viscous altar of Jiyva.
   135 | D        | Found an ancient bone altar of Kikubaaqudgha.
   136 | D        | Found a corrupted altar of Lugonu.
   137 | D        | Found a burning altar of Makhleb.
   138 | D        | Found a sparkling altar of Nemelex Xobeh.
   139 | D        | Found an iron altar of Okawaru.
   140 | D        | Found a stormy altar of Qazlal.
   141 | D        | Found a sacrificial altar of Ru.
   142 | D        | Found a deep blue altar of Sif Muna.
   143 | D        | Found a bloodstained altar of Trog.
   144 | D        | Found a hide-covered altar of Uskayaw.
   145 | D        | Found a radiant altar of Vehumet.
   146 | D        | Found a shimmering altar of Xom.
   147 | D        | Found a basalt altar of Yredelemnul.
   148 | D        | Found a glowing silver altar of Zin.
   149 | D        | Found a glowing golden altar of the Shining One.
   179 | D        | Became a worshipper of Makhleb the Destroyer
   209 | D        | Noticed a hippogriff
   209 | D        | Noticed a centaur
   209 | D        | Noticed a wyvern
   217 | D        | Killed a wyvern
   217 | D        | Reached skill level 1 in Stealth
   217 | D        | Reached skill level 11 in Unarmed Combat
   217 | D        | Gained mutation: You are covered in thick fur. (AC +2) [Felid growth]
   217 | D        | Reached XP level 6. HP: 15/31 MP: 7/7
   384 | D        | Reached * piety under Makhleb
   386 | D        | Reached skill level 12 in Unarmed Combat
   395 | D        | Killed a hippogriff
   395 | D        | Reached ** piety under Makhleb
   395 | D        | Reached skill level 13 in Unarmed Combat
   395 | D        | Reached XP level 7. HP: 31/36 MP: 8/8
   448 | D        | Noticed a slime creature
   448 | D        | Noticed a hippogriff
   448 | D        | Noticed a hill giant
   532 | D        | Killed a hill giant
   532 | D        | Reached skill level 10 in Dodging
   532 | D        | Reached skill level 14 in Unarmed Combat
   532 | D        | Reached XP level 8. HP: 40/40 MP: 9/9
   571 | D        | Killed a hippogriff
   798 | D        | Killed a slime creature
   798 | D        | Reached *** piety under Makhleb
   798 | D        | Reached skill level 15 in Unarmed Combat
   861 | D        | Noticed Grum
   866 | D        | Reached skill level 5 in Stealth
   876 | D        | Killed Grum
   876 | D        | Reached **** piety under Makhleb
  1056 | D        | Noticed a six-headed hydra
  1058 | D        | Killed a six-headed hydra
  1058 | D        | Reached skill level 16 in Unarmed Combat
  1058 | D        | Reached XP level 9. HP: 45/45 MP: 10/10
  1062 | D        | Noticed a spiny frog
  1068 | D        | Reached ***** piety under Makhleb
  1068 | D        | Reached skill level 17 in Unarmed Combat
  1088 | D        | Killed a spiny frog
  1234 | D        | Noticed a death yak
  1234 | D        | Noticed a rime drake
  1234 | D        | Noticed a komodo dragon
  1234 | D        | Noticed a four-headed hydra
  1243 | D        | Killed a four-headed hydra
  1243 | D        | Reached skill level 18 in Unarmed Combat
  1243 | D        | Reached XP level 10. HP: 49/49 MP: 11/11
  1255 | D        | Reached ****** piety under Makhleb
  1265 | D        | Killed a death yak
  1265 | D        | Reached skill level 19 in Unarmed Combat
  1283 | D        | Noticed a catoblepas
  1295 | D        | Killed a catoblepas
  1593 | D        | Noticed an elephant
  1593 | D        | Noticed an elephant
  1593 | D        | Noticed an elephant
  1593 | D        | Noticed an elephant
  1593 | D        | Noticed an elephant
  1593 | D        | Noticed a dire elephant
  1594 | D        | Noticed an elephant
  1613 | D        | Mangled by a dire elephant
  1614 | D        | Reached XP level 9. HP: -6/45 MP: 10/10
  1629 | D        | Noticed Sonja
  1636 | D        | Killed Sonja
  1666 | D        | Noticed an elephant
  1676 | D        | Killed an elephant
  1676 | D        | Reached skill level 10 in Stealth
  1676 | D        | Reached skill level 20 in Unarmed Combat
  1676 | D        | Reached XP level 10. HP: 49/49 MP: 11/11
  1685 | D        | Killed an elephant
  1694 | D        | Killed an elephant
  1703 | D        | Killed an elephant
  1710 | D        | Killed an elephant
  1723 | D        | Killed a dire elephant
  1766 | D        | Killed an elephant
  1766 | D        | Reached skill level 21 in Unarmed Combat
  1781 | D        | Killed an elephant
  1781 | D        | Reached skill level 10 in Fighting
  1781 | D        | Reached skill level 15 in Dodging
  1996 | D        | Noticed Urug
  2003 | D        | Killed Urug
  2003 | D        | Reached XP level 11. HP: 54/54 MP: 12/12
  2004 | D        | Noticed Maurice
  2011 | D        | Killed Maurice
  2109 | D        | Noticed an orc knight
  2109 | D        | Noticed an orc knight
  2110 | D        | Noticed an orc knight
  2111 | D        | Killed an orc knight
  2114 | D        | Noticed an orc knight
  2286 | D        | Killed an orc knight
  2295 | D        | Killed an orc knight
  2613 | D        | Killed an orc knight
  2613 | D        | Reached skill level 22 in Unarmed Combat
  2675 | D        | Noticed an orc high priest
  2683 | D        | Killed an orc high priest
  2707 | D        | Found Nasinoi's Assorted Antiques.
  2707 | D        | Noticed an ogre mage
  2717 | D        | Paralysed by an ogre mage for 5 turns
  2722 | D        | Slain by an ogre mage
  2723 | D        | Reached XP level 10. HP: -1/51 MP: 11/11
  2795 | D        | Killed an ogre mage
  2812 | D        | Found Ohyel's Book Shop.
  2816 | D        | Found Fibif's General Store.
  2819 | D        | Found Nezxudag's Antique Weapon Shop.
  2831 | D        | Noticed an ogre mage
  2850 | D        | Killed an ogre mage
  2850 | D        | Reached XP level 11. HP: 41/54 MP: 12/12
  3159 | D        | Noticed a green death
  3164 | D        | HP: 2/54 [green death/blast of poison[the player character] (13)]
  3169 | D        | Mangled by a green death
  3170 | D        | Reached XP level 10. HP: -9/51 MP: 0/11
  3436 | D        | Noticed a purple ugly thing
  3436 | D        | Noticed a manticore
  3436 | D        | Noticed a five-headed hydra
  3439 | D        | Noticed a five-headed hydra
  3442 | D        | Reached skill level 23 in Unarmed Combat
  3443 | D        | Noticed a rakshasa
  3446 | D        | Killed a five-headed hydra
  3448 | D        | Noticed a deep troll shaman
  3453 | D        | Killed a manticore
  3453 | D        | Reached skill level 1 in Invocations
  3456 | D        | Noticed an ettin
  3457 | D        | Killed a purple ugly thing
  3461 | D        | Noticed a red very ugly thing
  3464 | D        | Killed a five-headed hydra
  3466 | D        | Noticed an ettin
  3477 | D        | Noticed an Executioner
  3487 | D        | HP: 1/51 [Executioner[the player character] (12)]
  3487 | D        | Slain by an Executioner

Skill      XL: |  1  2  3  4  5  6  7  8  9 10 11 |
---------------+----------------------------------+-----
Unarmed Combat | 5 6 8 10 11 13 14 16 20 23 22 | 23.4
Fighting       | 4 5 6 7 8 9 10 | 10.4
Dodging        | 5 6 7 8 9 10 11 12 16 | 16.3
Stealth        | 1 3 4 6 10 14 13 | 14.3
Invocations    | 1 |  1.7

Action                   |  1- 3 |  4- 6 |  7- 9 | 10-12 || total
-------------------------+-------+-------+-------+-------++-------
Melee: Unarmed           |    19 |    28 |    98 |   259 ||   404
       Bite              |     3 |     2 |     9 |    31 ||    45
       Punch             |     1 |     3 |     5 |    42 ||    51
Invok: Greater Servant o |       |       |       |     2 ||     2
  Use: Potion            |     1 |       |       |     3 ||     4
       Scroll            |       |       |       |     1 ||     1
 Stab: Sleeping          |       |     1 |     2 |     6 ||     9
       Distracted        |       |       |     1 |     2 ||     3
  Eat: Meat ration       |       |       |       |     1 ||     1
Armor: Skin              |       |       |     1 |     5 ||     6
Dodge: Dodged            |    14 |    23 |    69 |   157 ||   263
